 Dungeon Crawl Stone Soup version 0.21.1-1-g345015f (webtiles) character file.

160 Mirai the Chopper (level 5, 0/47 HPs)
             Began as a Hill Orc Fighter on Mar 6, 2018.
             Slain by a worm (11 damage)
             ... on level 3 of the Dungeon.
             The game lasted 00:07:17 (2108 turns).

Mirai the Chopper (Hill Orc Fighter)                Turns: 2108, Time: 00:07:17

Health: 0/47       AC:  8    Str: 20    XL:     5   Next: 41%
Magic:  5/5        EV:  7    Int:  8    God:
Gold:   113        SH:  9    Dex: 10    Spells: 4/4 levels left

rFire    . . .     SeeInvis .   a - +0 war axe
rCold    . . .     Gourm    .   c - +0 shield
rNeg     . . .     Faith    .   b - +0 scale mail
rPois    .         Spirit   .   (no helmet)
rElec    .         Reflect  .   p - +0 cloak
rCorr    .         Harm     .   (no gloves)
MR       .....                  (no boots)
Stlth    ..........             k - amulet of rage
HPRegen  0.15/turn              (no ring)
MPRegen  0.09/turn              (no ring)

@: no status effects
A: no striking features
a: Evoke Berserk Rage


You were on level 3 of the Dungeon.
You were not hungry.

You visited 1 branch of the dungeon, and saw 3 of its levels.

You collected 113 gold pieces.

Inventory:

Hand Weapons
 a - a +0 war axe (weapon)
Armour
 b - a +0 scale mail (worn)
 c - a +0 shield (worn)
 n - a +0 chain mail
 p - a +0 cloak (worn)
Jewellery
 k - an amulet of rage (around neck)
Scrolls
 h - 2 scrolls of teleportation
 j - 4 scrolls of remove curse
 l - a scroll of blinking
 q - a scroll of enchant weapon {unknown}
 r - a scroll of identify
Potions
 d - a potion of might
 e - 2 potions of magic {unknown}
 i - 2 potions of mutation {unknown}
 m - 2 potions of curing
 o - a potion of haste {unknown}
 s - a potion of cancellation {unknown}
Comestibles
 f - 6 rations
 g - 16 chunks of flesh


   Skills:
 + Level 4.4 Fighting
 + Level 5.0 Axes
 + Level 4.0 Armour
 + Level 4.3 Shields


You had 4 spell levels left.
You didn't know any spells.

Dungeon Overview and Level Annotations

Branches:
Dungeon (3/15)

Altars:
Ashenzari
Trog


Message History

You are too injured to fight recklessly!
You are too injured to fight recklessly!
You are too injured to fight recklessly!
You barely miss the worm.
The worm is heavily wounded.
The worm bites you. You block the worm's attack.
You hit the worm.
The worm is moderately wounded.
You block the worm's attack.
You hit the worm.
The worm is heavily wounded.
The worm barely misses you.
You hit the worm.
The worm is heavily wounded.
The worm bites you!
* * * LOW HITPOINT WARNING * * *
You hit the worm but do no damage.
The worm is heavily wounded.
The worm barely misses you. The worm bites you!
You die...

.##...........##.#.#...)..#######
.##...........##...####...'......
.##...........####.####...#######
.##..................##.........#
.##......)...####.#####...#.###.#
.##..........####'#######...# #..
.##.........##..%%%..## #.### ###
.# #####...##.........###.# #..
.# #.###....@......##.# ###
.#######.# #...w###....##.#
.........# #...##y##...##.#
########## #....###....##.#
##.........###.# #)..._....###.#
##))..)..##...# ###...########


You could see a moth of wrath and a worm (berserk).

Vanquished Creatures
  An orc wizard (D:3)
  4 adders
  2 oozes
  4 worms
  2 dart slugs (D:2)
  2 leopard geckos (D:2)
  3 orcs (D:3)
  8 bats
  3 giant cockroaches
  5 goblins
  5 hobgoblins
  9 jackals (D:3)
  2 frilled lizards (D:2)
  8 kobolds
  10 rats
68 creatures vanquished.

Notes
Turn   | Place    | Note
-------+----------+-------------------------------------------
     0 | D:1      | Mirai the Hill Orc Fighter began the quest for the Orb.
     0 | D:1      | Reached XP level 1. HP: 19/19 MP: 1/1
    95 | D:1      | Reached XP level 2. HP: 20/27 MP: 2/2
   417 | D:1      | Reached skill level 3 in Axes
   781 | D:2      | Reached XP level 3. HP: 29/33 MP: 3/3
  1007 | D:2      | Reached XP level 4. HP: 34/40 MP: 4/4
  1244 | D:2      | Reached skill level 4 in Axes
  1714 | D:3      | Found a shattered altar of Ashenzari.
  1976 | D:3      | Reached XP level 5. HP: 47/47 MP: 5/5
  2030 | D:3      | Found a shattered altar of Ashenzari.
  2069 | D:3      | Noticed a moth of wrath
  2086 | D:3      | Reached skill level 5 in Axes
  2087 | D:3      | Found a bloodstained altar of Trog.
  2108 | D:3      | Slain by a worm

Skill      XL: |  1  2  3  4  5 |
---------------+----------------+-----
Axes           | 3 4 5 |  5.0
Fighting       | 4 |  4.4
Shields        | 4 |  4.3
Armour         | 4 |  4.0

Action                   |  1- 3 |  4- 6 || total
-------------------------+-------+-------++-------
Melee: War axe           |   109 |   129 ||   238
  Use: Scroll            |       |     4 ||     4
  Eat: Chunk             |     1 |     3 ||     4
Armor: Scale mail        |    41 |    78 ||   119
Dodge: Dodged            |    37 |    52 ||    89
Block: Shield            |    67 |    78 ||   145
